 Dungeon Crawl Stone Soup version 0.21-a0-529-g8c7b3f5 (webtiles) character file.

16 KristoblXynda the Charmwright (level 2, 0/23 HPs)
             Began as a Barachi Skald on Dec 9, 2017.
             Slain by a hobgoblin (4 damage)
             ... on level 1 of the Dungeon.
             The game lasted 00:01:10 (334 turns).

KristoblXynda the Charmwright (Barachi Skald)        Turns: 334, Time: 00:01:11

Health: 0/23       AC:  5    Str: 12    XL:     2   Next: 58%
Magic:  5/5        EV: 11    Int: 13    God:
Gold:   3          SH:  0    Dex: 11    Spells: 5/6 levels left

rFire    . . .     SeeInvis .   a - +0 falchion
rCold    . . .     Gourm    .   (no shield)
rNeg     . . .     Faith    .   g - +0 ring mail
rPois    .         Spirit   .   (no helmet)
rElec    .         Reflect  .   (no cloak)
rCorr    .         Harm     .   (no gloves)
MR       .....                  (no boots)
Stlth    +.........             (no amulet)
HPRegen  0.07/turn              (no ring)
MPRegen  0.09/turn              (no ring)

@: can't hop, slow
A: +LOS, swims, slowness 1, strong legs 1
a: Hop


You were on level 1 of the Dungeon.
You were not hungry.

You visited 1 branch of the dungeon, and saw 1 of its levels.

You collected 3 gold pieces.

Inventory:

Hand Weapons
 a - a +0 falchion (weapon)
Armour
 g - a +0 ring mail (worn)
Scrolls
 e - 2 scrolls of identify {unknown}
 f - a scroll of remove curse {unknown}
Books
 c - a book of Battle

   Spells                             Type                      Level
   a - Infusion                       Charms                       1
   b - Shroud of Golubria             Charms/Translocation         2
   c - Song of Slaying                Charms                       2
   d - Spectral Weapon                Hexes/Charms                 3
   e - Regeneration                   Charms/Necromancy            3
Comestibles
 d - 3 bread rations


   Skills:
 - Level 2.4 Fighting
 + Level 2.8 Long Blades
 + Level 1.7 Armour
 - Level 2.1 Dodging
 + Level 2.5 Spellcasting
 + Level 3.5 Charms


You had 5 spell levels left.
You knew the following spells:

 Your Spells              Type           Power        Failure   Level  Hunger
a - Infusion              Chrm           ##..         12%         1    #......


Dungeon Overview and Level Annotations

Branches:
Dungeon (1/15)

Altars:


Innate Abilities, Weirdness & Mutations

Shadows flee at your approach. (+LOS)
You can swim through water.
You cover ground slowly.
You can hop short distances.


Message History

You closely miss the hobgoblin.
The hobgoblin is heavily wounded.
The bat hits you but does no damage. x2; The hobgoblin closely misses you.
The bat hits you.
* * * LOW HITPOINT WARNING * * *
You closely miss the hobgoblin.
The hobgoblin is heavily wounded.
The bat hits you but does no damage. The hobgoblin barely misses you.
You riposte.
You closely miss the hobgoblin.
The hobgoblin is heavily wounded.
Unknown command.
You aren't carrying any potions.
You aren't carrying any potions.
Hop to where?
Press: ? - help, Dir - move target cursor Boing!
Your ring mail prevents you from hitting the hobgoblin.
The hobgoblin is heavily wounded.
The hobgoblin hits you.
You die...

.. #
###.###
#.#.....#
.#.....###
.###### #
.....$..
....... #.
#.....#
#######
#..#.....
#......#
#@.# ###
#bg####
#≈.
#...§.#
.....
#.#####
....§ #
##(# ≈≈≈≈≈
#.##(.##
≈≈≈≈≈
#....(.#
§§≈≈≈
####.#.#
§§§##
#.#.# §


You could see a hobgoblin and a bat.

Vanquished Creatures
  A bat (D:1)
  2 giant cockroaches (D:1)
  2 goblins (D:1)
  2 hobgoblins (D:1)
  2 jackals (D:1)
  A kobold (D:1)
  2 frilled lizards (D:1)
  2 rats (D:1)
14 creatures vanquished.

Notes
Turn   | Place    | Note
-------+----------+-------------------------------------------
     0 | D:1      | KristoblXynda the Barachi Skald began the quest for the Orb.
     0 | D:1      | Reached XP level 1. HP: 17/17 MP: 3/3
    91 | D:1      | Reached XP level 2. HP: 22/23 MP: 5/5
   334 | D:1      | Slain by a hobgoblin

Vault maps used:
D:1:      dpeg_arrival_water_fire, serial_bayou_lagoon_a

Action                   || total
-------------------------++-------
Melee: Falchion          ||    63
 Abil: Hop               ||     1
Armor: Leather armour    ||     5
       Ring mail         ||    20
Dodge: Dodged            ||    62
       Rpst.: Falchion   ||    19

Table legend:
 A = Spawn XP
 B = Non-spawn XP
 C = Spawn XP percentage of total XP
 D = Spawn monster count
 E = Non-spawn monster count
 F = Spawn count percentage of total count
 G = Total turns spent on level
                    A         B        C        D         E        F      G
               +---------+---------+-------+---------+---------+-------+---------
         Total |       0 |      24 |   0.0 |       0 |      14 |   0.0 |   334
               +---------+---------+-------+---------+---------+-------+---------
           D:1 |       0 |      24 |   0.0 |       0 |      14 |   0.0 |   334
               +---------+---------+-------+---------+---------+-------+---------
